 Dungeon Crawl Stone Soup version 0.17-a0-1945-gfe993df (webtiles) character file.

23 Gruud the Charmwright (level 2, -1/22 HPs)
             Began as a Demonspawn Skald on Sept 30, 2015.
             Slain by a quokka (3 damage)
             ... on level 2 of the Dungeon.
             The game lasted 00:02:52 (535 turns).

Gruud the Charmwright (Demonspawn Skald)             Turns: 535, Time: 00:02:52

Health: -1/22      AC:  3    Str: 12    XL:     2   Next: 75%
Magic:  5/5        EV: 11    Int: 13    God:
Gold:   29         SH:  0    Dex: 12    Spells: 3 memorised, 0 levels left

rFire  . . .     SeeInvis .     l - +0 war axe
rCold  . . .     Clarity  .     b - +0 leather armour
rNeg   . . .     SustAt   +     (no shield)
rPois  .         Gourm    .     (no helmet)
rElec  .         Spirit   .     (no cloak)
rCorr  .         Warding  .     (no gloves)
rMut   .         Stasis   .     (no boots)
MR     .....                    (no amulet)
Stlth  +.........               (no ring)
                                j - ring of sustain attributes

@: not resistant to hostile enchantments, very unstealthy
A: talons 1
a: no special abilities


You were on level 2 of the Dungeon.
You were not hungry.

You visited 1 branch of the dungeon, and saw 2 of its levels.

You collected 29 gold pieces.

Inventory:

Hand weapons
 a - a +0 hand axe
 l - a +0 war axe (weapon)
Armour
 b - a +0 leather armour (worn)
Jewellery
 g - an uncursed ring of ice
 j - a ring of sustain attributes (left hand)
Scrolls
 e - a scroll of enchant weapon {unknown}
 i - a scroll of magic mapping {unknown}
 k - 2 scrolls of identify {unknown}
Potions
 f - a potion of lignification {unknown}
 m - a potion of invisibility {unknown}
 n - a potion of heal wounds {unknown}
Books
 c - a book of Battle

   Spells                             Type                      Level
   a - Infusion                       Charms                       1
   b - Shroud of Golubria             Charms/Translocation         2
   c - Song of Slaying                Charms                       2
   d - Spectral Weapon                Hexes/Charms                 3
   e - Regeneration                   Charms/Necromancy            3
Comestibles
 d - a bread ration
 h - 6 chunks of flesh


   Skills:
 - Level 2.0 Fighting
 * Level 2.6 Axes
 - Level 0.8 Armour
 - Level 0.8 Dodging
 - Level 2.0 Spellcasting
 + Level 3.0 Charms


You couldn't memorise any spells.
You knew the following spells:

 Your Spells              Type           Power        Failure   Level  Hunger
a - Infusion              Chrm           #.....       12%         1    ##.....
b - Song of Slaying       Chrm           #.......     14%         2    ###....
c - Shroud of Golubria    Chrm/Tloc      #.........   28%         2    ###....


Dungeon Overview and Level Annotations

Branches:
Dungeon (2/15)

Altars:


Innate Abilities, Weirdness & Mutations

You have sharp toenails.


Message History

You slash the hobgoblin!
You kill the hobgoblin!
The quokka bites you. x2
* * * LOW HITPOINT WARNING * * *
You closely miss the quokka. You claw the quokka, but do no damage.
The quokka closely misses you.
You barely miss the quokka. Your kick misses the quokka.
The quokka barely misses you. x2
You hit the quokka. Your kick misses the quokka.
The quokka is almost dead.
The quokka bites you.
* * * LOW HITPOINT WARNING * * *
The quokka completely misses you.
You completely miss the quokka.
The quokka is almost dead.
The quokka closely misses you.
You closely miss the quokka. Your kick misses the quokka.
The quokka is almost dead.
The quokka barely misses you. The quokka bites you.
You die...

#########
........################.$
######..........@r.>...#.#
.........############....#
#.............. ..#..
#.###....#..... #... #
#..######## #.. #..# #.#
#..# #.# #S# #..#
#(...#.## #.. #...<#


You could see a quokka.

Vanquished Creatures
  A goblin (D:2)
  5 hobgoblins
  A quokka (D:2)
  2 bats
  A giant cockroach (D:1)
  A giant gecko (D:1)
  A giant newt (D:2)
  3 jackals (D:1)
  4 kobolds (D:2)
  5 rats
24 creatures vanquished.

Notes
Turn   | Place    | Note
--------------------------------------------------------------
     0 | D:1      | Gruud the Demonspawn Skald began the quest for the Orb.
     0 | D:1      | Reached XP level 1. HP: 16/16 MP: 3/3
   157 | D:1      | Gained mutation: You have sharp toenails. [demonic ancestry]
   157 | D:1      | Reached XP level 2. HP: 11/22 MP: 5/5
   405 | D:2      | Learned a level 2 spell: Song of Slaying
   408 | D:2      | Learned a level 2 spell: Shroud of Golubria
   507 | D:2      | Reached skill level 3 in Charms
   535 | D:2      | Slain by a quokka

Vault maps used:
D:1:      minmay_arrival_jagged
D:2:      amalloy_card_club

Action                   || total
-------------------------++-------
Melee: Hand axe          ||    50
       War axe           ||    22
 Cast: Infusion          ||     1
       Shroud of Golubri ||     2
 Stab: Sleeping          ||     1
